 Dungeon Crawl Stone Soup version 0.29.1-13-g9f3cf754e1 (webtiles) character file.

Game seed: 5031610205653956445

16 Exodus22XD the Covered (level 2, 27/27 HPs)
             Began as a Minotaur Fighter on Feb 4, 2023.
             Was a Follower of Cheibriados.
             Quit the game on level 1 of the Dungeon.
             The game lasted 00:00:21 (484 turns).

Exodus22XD the Covered (Minotaur Fighter)            Turns: 484, Time: 00:00:22

Health: 27/27      AC:  7    Str: 22    XL:     2   Next: 41%
Magic:  1/1        EV:  9    Int:  7    God:    Cheibriados [*.....]
Gold:   36         SH:  4    Dex: 11    Spells: 1/1 levels left

rFire   . . .      SeeInvis .   a - +0 war axe
rCold   . . .      Faith    .   c - +0 buckler
rNeg    . . .      Spirit   .   b - +0 scale mail
rPois   .          Reflect  .   (helmet restricted)
rElec   .          Harm     .   (no cloak)
rCorr   .          Rampage  .   (no gloves)
Will    .....                   (no boots)
Stlth   ..........              (no amulet)
HPRegen 0.09/turn               (no ring)
MPRegen 0.07/turn               (no ring)

@: very slow
A: horns 2, retaliatory headbutt
a: Renounce Religion, Bend Time


You were on level 1 of the Dungeon.
You worshipped Cheibriados.
Cheibriados was aware of your devotion.
You visited 1 branch of the dungeon, and saw 1 of its levels.

You collected 36 gold pieces.

Inventory:

Hand Weapons
 a - a +0 war axe (weapon)
Armour
 b - a +0 scale mail (worn)
 c - a +0 buckler (worn)
Scrolls
 f - a scroll of magic mapping {unknown}
Potions
 d - a potion of might
 e - a potion of heal wounds {unknown}


   Skills:
 + Level 3.9 Fighting
 + Level 2.7 Axes
 + Level 4.0 Armour
 + Level 3.9 Shields


You had one spell level left.
You didn't know any spells.
Your spell library contained the following spells:

 Spells                   Type           Power      Damage    Failure   Level
 Summon Guardian Golem    Hex/Summ       0%         N/A       99%         3
 Orb of Destruction       Conj           0%         9d5       100%        7
 Spellforged Servitor     Conj/Summ      0%         N/A       100%        7


Dungeon Overview and Level Annotations

Branches:
Dungeon (1/15)

Altars:
Cheibriados


Innate Abilities, Weirdness & Mutations

You have a pair of horns on your head.
You reflexively headbutt those who attack you in melee.


Message History

The hobgoblin closely misses you.
A hobgoblin is nearby!
You slash the hobgoblin!
You kill the hobgoblin!
Found a stone staircase leading down.
No target in view!
Found a dagger.
A frilled lizard comes into view.
Found 11 gold pieces.
The frilled lizard hisses angrily.
You hear a shout!
No reachable target in view!
A frilled lizard is nearby!
No reachable target in view!
No reachable target in view!
Found a faded altar of an unknown god.
A goblin comes into view. It is wielding a +0 dagger.
Found 5 stones.
The goblin shouts!
You enter the shallow water.
Moving in this stuff is going to be slow.
The frilled lizard bites the plant.
The plant begins to die.
There is a fountain of clear blue water here.
The frilled lizard attacks as you move away!
The frilled lizard bites you but does no damage.
A nearby plant withers and dies.
The goblin hits you but does no damage. The goblin attacks as you move away!
The goblin barely misses you. You furiously retaliate!
You headbutt the goblin.
The frilled lizard bites the plant.
The plant begins to die.
You can't go down here!
There is a faded altar of an unknown god here.
You cannot tell which god this altar belongs to.
Convert to them anyway?
Cheibriados accepts your prayer! Cheibriados welcomes you!
Cheibriados begins to support your attributes as your movement slows.
Cheibriados is now slowing the effects of poison on you.
You can now bend time to slow others.
Cheibriados raises the support of your attributes as your movement slows.
The goblin hits you but does no damage.
The frilled lizard bites the plant.
The plant begins to die.
Are you sure you want to abandon this character and quit the game? (Confirm with "yes".)

....#.##....)..... #.....
.......PP..#...... #.....
..P..P.....#P.#### #.....
..PP.~PP~.#...... #.....
......⌠⌠PP#..#######....#
....P...P.#.P........#..#
..P..PPlP.#$..######.#..#
....#..#g#....# #.#..#
##..#..#@#PP..# #.#..# #
######....# #.#..# ....#
#.#..# ... ..#... ###.##
#... #### #####


You could see a goblin and a frilled lizard.

Vanquished Creatures
  A dart slug (D:1)
  An endoplasm (D:1)
  A giant cockroach (D:1)
  3 goblins (D:1)
  2 hobgoblins (D:1)
  4 ball pythons (D:1)
  A frilled lizard (D:1)
  A rat (D:1)
14 creatures vanquished.

Vanquished Creatures (others)
  A plant (D:1)
1 creature vanquished.

Grand Total: 15 creatures vanquished

Notes
Turn   | Place    | Note
-------+----------+-------------------------------------------
     0 | D:1      | Exodus22XD the Minotaur Fighter began the quest for the
                  | Orb.
     0 | D:1      | Reached XP level 1. HP: 19/19 MP: 0/0
   238 | D:1      | Reached XP level 2. HP: 27/27 MP: 1/1
   334 | D:1      | Reached skill level 4 in Armour
   475 | D:1      | Found a faded altar of an unknown god.
   483 | D:1      | Prayed at the altar of an unknown god.
   483 | D:1      | Became a worshipper of Cheibriados the Contemplative
   483 | D:1      | Reached * piety under Cheibriados
   484 | D:1      | Quit the game

Illustrated notes

Levels and vault maps discovered:
D:1:      minmay_arrival_statue_studded, layout_basic,
          shapermc_ecumenical_altar_mp_ritualfount

Skill      XL: |  1  2 |
---------------+-------+-----
Armour         | 4 |  4.0
Fighting       | |  3.9
Axes           | |  2.7
Shields        | |  3.9

Action                   || total
-------------------------++-------
Melee: War axe           ||    29
       Headbutt          ||     4
Armor: Scale mail        ||    21
Dodge: Dodged            ||    10
Block: Buckler           ||     5
